 Dungeon Crawl Stone Soup version 0.26-a0-547-g695e311587 (webtiles) character file.

Game seed: 800237300768216788

40052 Eifo4Ohj9gu9Dob0ohLe the Blocker (level 13, -6/99 HPs)
             Began as a Grey Draconian Berserker on Aug 18, 2020.
             Was a High Priest of Trog.
             Killed from afar by a deep elf mage (28 damage)
             ... with a bolt of cold
             ... on level 1 of the Elven Halls on Aug 20, 2020.
             The game lasted 01:37:44 (19729 turns).

Eifo4Ohj9gu9Dob0ohLe the Blocker (DrBe)            Turns: 19729, Time: 01:37:46

Health: -6/99      AC: 18    Str: 22    XL:     13   Next: 72%
Magic:  11/11      EV: 21    Int:  8    God:    Trog [*****.]
Gold:   1274       SH: 23    Dex: 13    Spells: 12/12 levels left

rFire    . . .     SeeInvis .   F - +6 quick blade (vorpal)
rCold    . . .     Faith    .   b - +3 tower shield
rNeg     . . .     Spirit   .   (armour unavailable)
rPois    +         Reflect  .   q - +2 hat
rElec    .         Harm     .   m - +2 cloak
rCorr    .         Clarity  +   (no gloves)
MR       ++...                  (no boots)
Stlth    +.........             (no amulet)
HPRegen  1.26/turn              f - +4 ring of evasion
MPRegen  0.12/turn              (no ring)

@: liquid flames, regenerating, glowing
A: walk through water, unfitting armour, horns 1, stinger 1, clarity, frail 1,
low mp 1, poison resistance, unbreathing, cold-blooded, AC +13
a: Berserk, Trog's Hand, Brothers in Arms, Renounce Religion


You were on level 1 of the Elven Halls.
You worshipped Trog.
Trog was extremely pleased with you.
You visited 3 branches of the dungeon, and saw 12 of its levels.

You collected 1354 gold pieces.
You spent 80 gold pieces at shops.

Inventory:

Hand Weapons
 a - a +2 short sword
 i - a +4 short sword
 t - a +0 dagger of venom
 C - a +2 dagger of electrocution
 D - a +0 long sword of freezing
 E - a +2 dagger of flaming
 F - a +6 vorpal quick blade (weapon)
 H - a +2 short sword of flaming
 L - a +1 long sword of holy wrath
Missiles
 g - 27 poisoned darts (quivered)
Armour
 b - a +3 tower shield (worn)
 m - a +2 cloak (worn)
 q - a +2 hat (worn)
Jewellery
 f - a +4 ring of evasion (left hand)
 s - an uncursed ring of see invisible {unknown}
 u - an uncursed ring of poison resistance
 w - a +6 ring of intelligence
 y - an uncursed ring of flight
 J - an uncursed ring of fire {unknown}
Wands
 z - a wand of random effects (25)
 B - a wand of flame (10)
 I - a wand of acid (4)
 K - a wand of paralysis (13)
Scrolls
 d - 2 scrolls of noise
 e - 5 scrolls of remove curse
 h - 2 scrolls of immolation
 l - a scroll of teleportation
 o - 5 scrolls of amnesia
 r - 3 scrolls of magic mapping
 v - a scroll of blinking
 G - 2 scrolls of identify
Potions
 c - 3 potions of lignification
 j - a potion of curing
 k - 2 potions of haste
 n - 3 potions of flight
 p - a potion of berserk rage
 x - a potion of might
 A - a potion of heal wounds


   Skills:
 + Level 9.3 Fighting
 + Level 11.5 Short Blades
 + Level 11.6 Dodging
 + Level 5.4 Stealth
 + Level 14.1 Shields


You had 12 spell levels left.
You didn't know any spells.
Your spell library was empty.

Dungeon Overview and Level Annotations

Branches:
Dungeon (9/15)             Temple (0/1) D:6            Lair (0/6) D:9
    Orc (2/2) D:9             Elf (1/3) Orc:2

Altars:
Fedhas
Gozag
Makhleb
Ru
Sif Muna
Trog
Vehumet
Xom
Yredelemnul
Zin

Shops:
D:8 *   Orc:2 (:[*}

Annotations:
D:9 exclusions: ice statue and obsidian statue


Innate Abilities, Weirdness & Mutations

You can walk through water.
Your dull iron-grey scales are very hard. (AC +13)
You cannot fit into any form of body armour.
You can survive without breathing.
You are cold-blooded and may be slowed by cold attacks.
You have a pair of small horns on your head.
Your tail ends in a poisonous barb.
You possess an exceptional clarity of mind.
You are frail. (-10% HP)
Your magical capacity is low. (-10% MP)
Your system is resistant to poisons. (rPois)


Message History

The deep elf mage casts a spell at you. The bolt of lightning misses you.
There is an open door here.
You are covered in liquid flames!
The deep elf mage points at you and mumbles some strange words.
The bolt of cold hits you!!
The deep elf mage casts a spell.
The deep elf mage blinks!
The deep elf high priest utters a dark prayer and points at you.
Your life force is offered up.
* * * LOW HITPOINT WARNING * * *
You are covered in liquid flames!
* * * LOW HITPOINT WARNING * * *
Your skin crawls.
You feel resistant to hostile enchantments.
You are covered in liquid flames!
* * * LOW HITPOINT WARNING * * *
The deep elf mage points at you and mumbles some strange words.
The bolt of cold hits you!!
You die...

....>.....##.####.####.####
#.........+...............#
##.......###.#.##.####....#
##.....## #......#########
##...## ###.#####..♣ ##
##'## #.# #...# §≈≈
##.########.####..####§≈≈
#.............##e*#.$##≈≈
#..##########@#§..*..[##≈
####..# #.'*ee'.e.:#≈
.....## ###e.e'..$##≈
####.# ##Y.#./##≈≈ #.#
#..####§≈≈ ####'## #...#
≈≈≈ ......## ##..♣ ##
.......## #### ........##


You could see a deep elf high priest, 4 deep elf magi, an ice beast (summoned)
and a battlesphere.

Vanquished Creatures
  2 orc warlords
  A deep elf elementalist (Elf:1)
  A stone giant (Orc:2)
  Snorg (Orc:1)
  2 dancing weapons (Elf:1)
  7 two-headed ogres
  6 orc high priests (Orc:2)
  2 deep elf knights (Elf:1)
  2 deep trolls
  4 deep elf archers (Elf:1)
  3 orc knights (Orc:2)
  13 deep elf magi
  6 orc sorcerers
  4 trolls
  2 water elementals (Elf:1)
  2 air elementals (Elf:1)
  A wyvern (D:9)
  8 yaks
  8 wargs
  A black bear (D:9)
  35 orc warriors
  4 sky beasts
  An eye of draining (D:9)
  An ice beast (D:8)
  A centaur (D:8)
  2 necrophages (D:9)
  7 ogres
  A big kobold (D:8)
  2 bullfrogs (D:6)
  An elf skeleton (D:9)
  A wyvern zombie (D:8)
  An earth elemental (Elf:1)
  2 scorpions
  A water moccasin skeleton (D:9)
  18 killer bees
  16 wights
  A centaur zombie (D:6)
  2 hounds
  2 quasits
  A jelly (D:9)
  2 bullfrog zombies (D:6)
  2 human zombies (D:9)
  22 orc priests
  3 iguanas
  36 orc wizards
  6 worker ants
  4 mummies (D:9)
  3 worker ant zombies
  18 adders
  8 white imps
  4 oozes
  An adder zombie (D:7)
  An adder skeleton (D:7)
  2 worms (D:2)
  2 dart slugs
  59 orcs
  2 ball pythons
  5 bats
  4 giant cockroaches
  2 gnoll zombies (D:5)
  12 goblins
  3 hobgoblins
  18 jackals
  2 quokkas
  7 frilled lizards
  8 kobolds
  A leopard gecko skeleton (D:5)
  A leopard gecko zombie (D:6)
  An orc skeleton (D:9)
  10 rats
  2 butterflies (D:9)
427 creatures vanquished.

Notes
Turn   | Place    | Note
-------+----------+-------------------------------------------
     0 | D:1      | Eifo4Ohj9gu9Dob0ohLe the Draconian Berserker began the
                  | quest for the Orb.
     0 | D:1      | Reached XP level 1. HP: 19/19 MP: 1/1
   166 | D:1      | Reached XP level 2. HP: 25/26 MP: 2/2
   513 | D:1      | Reached ** piety under Trog
  1010 | D:2      | Reached XP level 3. HP: 26/33 MP: 3/3
  1570 | D:2      | Found a sacrificial altar of Ru.
  1578 | D:2      | Reached XP level 4. HP: 40/40 MP: 4/4
  2300 | D:3      | Reached XP level 5. HP: 46/46 MP: 5/5
  2749 | D:4      | Reached skill level 1 in Stealth
  3332 | D:4      | Reached skill level 5 in Short Blades
  3543 | D:4      | Reached XP level 6. HP: 3/53 MP: 6/6
  4146 | D:5      | Entered Level 5 of the Dungeon
  4239 | D:5      | Found a glowing silver altar of Zin.
  4277 | D:5      | Found an opulent altar of Gozag.
  4473 | D:5      | Noticed a two-headed ogre
  4486 | D:5      | Killed a two-headed ogre
  4486 | D:5      | Reached skill level 5 in Fighting
  4486 | D:5      | Your scales start taking on a dull iron-grey colour.
  4486 | D:5      | Reached XP level 7. HP: 12/61 MP: 7/7
  4486 | D:5      | Gained mutation: You can survive without breathing. [Grey
                  | Draconian growth]
  4778 | D:5      | Reached skill level 5 in Dodging
  4778 | D:5      | Reached XP level 8. HP: 68/68 MP: 8/8
  4779 | D:5      | Upgraded the game from 0.26-a0-542-gbaa144ba5c to
                  | 0.26-a0-547-g695e311587
  4834 | D:5      | Found a burning altar of Makhleb.
  4912 | D:5      | Found a sacrificial altar of Ru.
  5228 | D:5      | Noticed a green death
  5397 | D:5      | Reached *** piety under Trog
  5600 | D:5      | Found a basalt altar of Yredelemnul.
  5815 | D:5      | Found a shimmering blue altar of Sif Muna.
  6009 | D:6      | Reached skill level 1 in Shields
  6141 | D:6      | Found a staircase to the Ecumenical Temple.
  6418 | D:6      | Reached skill level 2 in Shields
  7147 | D:6      | Reached skill level 3 in Shields
  7330 | D:7      | Reached **** piety under Trog
  7371 | D:7      | Reached XP level 9. HP: 43/75 MP: 9/9
  7511 | D:7      | Reached skill level 4 in Shields
  7519 | D:7      | Gained mutation: Your tail ends in a poisonous barb.
                  | [potion of mutation]
  7519 | D:7      | Gained mutation: Your system is resistant to poisons.
                  | (rPois) [potion of mutation]
  7519 | D:7      | Gained mutation: You have a pair of small horns on your
                  | head. [potion of mutation]
  7519 | D:7      | Gained mutation: You possess an exceptional clarity of
                  | mind. [potion of mutation]
  9342 | D:8      | Reached skill level 5 in Shields
  9390 | D:8      | Found Diesimer's Assorted Antiques.
  9659 | D:8      | Noticed a deep elf mage
  9696 | D:8      | Killed a deep elf mage
  9696 | D:8      | Reached skill level 6 in Shields
  9696 | D:8      | Reached XP level 10. HP: 22/84 MP: 10/10
 10010 | D:8      | Noticed a two-headed ogre
 10024 | D:8      | Killed a two-headed ogre
 10536 | D:8      | Reached skill level 7 in Shields
 10644 | D:8      | Found a blossoming altar of Fedhas.
 10650 | D:8      | Reached ***** piety under Trog
 10698 | D:8      | Found a radiant altar of Vehumet.
 10766 | D:8      | Found a bloodstained altar of Trog.
 10878 | D:9      | Found a staircase to the Orcish Mines.
 11173 | D:9      | Noticed an obsidian statue
 11250 | D:9      | Found a shimmering altar of Xom.
 11291 | D:9      | Reached skill level 8 in Shields
 11453 | D:9      | Noticed an ice statue
 11489 | D:9      | Noticed a two-headed ogre
 11503 | D:9      | Killed a two-headed ogre
 11701 | D:9      | Found a basalt altar of Yredelemnul.
 11743 | D:9      | Reached XP level 11. HP: 92/92 MP: 11/11
 11987 | D:9      | Reached skill level 10 in Short Blades
 12045 | D:9      | Found a staircase to the Lair.
 12303 | Orc:1    | Entered Level 1 of the Orcish Mines
 12424 | Orc:2    | Entered Level 2 of the Orcish Mines
 12430 | Orc:2    | Noticed an orc sorcerer
 12431 | Orc:2    | Paralysed by an orc sorcerer for 4 turns
 12451 | Orc:2    | Killed an orc sorcerer
 12536 | Orc:2    | Found a staircase to the Elven Halls.
 12613 | Orc:2    | Noticed a stone giant
 12643 | Orc:2    | Killed a stone giant
 12643 | Orc:2    | Reached skill level 5 in Stealth
 12643 | Orc:2    | Reached skill level 9 in Shields
 12769 | Orc:2    | Noticed an orc sorcerer
 12905 | Orc:2    | Noticed a sixfirhy
 12912 | Orc:1    | Noticed a sixfirhy
 12912 | Orc:1    | Killed an orc sorcerer
 12912 | Orc:1    | Received a gift from Trog
 13040 | Orc:2    | Noticed an orc high priest
 13117 | Orc:2    | Killed an orc high priest
 13122 | Orc:2    | Noticed an orc high priest
 13125 | Orc:2    | Reached skill level 10 in Shields
 13180 | Orc:2    | Killed an orc high priest
 13319 | Orc:2    | Noticed an orc sorcerer
 13331 | Orc:2    | Noticed an orc knight
 13359 | Orc:1    | Killed an orc sorcerer
 13765 | Orc:2    | Noticed an orc knight
 13788 | Orc:2    | Killed an orc knight
 13827 | Orc:2    | Noticed an orc warlord
 13867 | Orc:1    | HP: 3/92 [orc warlord/+2 vorpal war axe (5)]
 13883 | Orc:1    | Killed an orc warlord
 13883 | Orc:1    | Reached skill level 11 in Shields
 13883 | Orc:1    | Reached XP level 12. HP: 20/100 MP: 12/12
 14437 | Orc:2    | Paralysed by an orc sorcerer for 2 turns
 14603 | Orc:2    | Noticed an orc high priest
 14634 | Orc:2    | Killed an orc high priest
 14736 | Orc:2    | Received a gift from Trog
 14832 | Orc:2    | Found Qetir's General Store.
 14832 | Orc:2    | Found Ufamo's Antique Armour Shop.
 14832 | Orc:2    | Found Pebbout's Book Shop.
 14832 | Orc:2    | Found Soxosoiv's Antique Weapon Boutique.
 14840 | Orc:2    | Bought a scroll of identify for 32 gold pieces
 14840 | Orc:2    | Bought a potion of curing for 48 gold pieces
 14854 | Orc:2    | Noticed an orc high priest
 15310 | Orc:2    | Killed an orc high priest
 15373 | Orc:2    | Noticed Snorg
 15433 | Orc:1    | Killed Snorg
 15433 | Orc:1    | Reached skill level 10 in Dodging
 15660 | Orc:2    | Noticed a two-headed ogre
 15679 | Orc:2    | Killed a two-headed ogre
 15966 | Orc:2    | Found Jayhev Goka's Gadget Shop.
 15968 | Orc:2    | Noticed an orc high priest
 15968 | Orc:2    | Noticed an orc high priest
 16017 | Orc:1    | Reached skill level 12 in Shields
 16327 | Orc:2    | Noticed a two-headed ogre
 16337 | Orc:2    | Killed a two-headed ogre
 16384 | Orc:2    | Killed an orc high priest
 16401 | Orc:2    | Noticed a two-headed ogre
 16433 | Orc:1    | Killed a two-headed ogre
 16819 | Orc:2    | Noticed an orc warlord
 16846 | Orc:2    | Gained mutation: You are frail. (-10% HP) [a neqoxec]
 16846 | Orc:2    | Gained mutation: Your magical capacity is low. (-10% MP) [a
                  | neqoxec]
 16853 | Orc:2    | Paralysed by an orc sorcerer for 6 turns
 17073 | Orc:2    | Killed an orc high priest
 17224 | Orc:2    | Killed an orc warlord
 17224 | Orc:2    | Reached XP level 13. HP: 93/97 MP: 11/11
 17481 | Orc:2    | Paralysed by an orc sorcerer for 4 turns
 17643 | Orc:1    | Reached skill level 13 in Shields
 17722 | Orc:1    | Received a gift from Trog
 18326 | Elf:1    | Entered Level 1 of the Elven Halls
 19052 | Elf:1    | HP: 3/99 [deep elf archer/arrow (17)]
 19489 | Elf:1    | Noticed a deep elf elementalist
 19509 | Elf:1    | Killed a deep elf elementalist
 19509 | Elf:1    | Reached skill level 14 in Shields
 19729 | Elf:1    | Killed from afar by a deep elf mage

Illustrated notes

Levels and vault maps discovered:
D:1:      lemuel_arrival_cross, layout_basic, lemuel_another_geyser
D:2:      layout_basic, nicolae_ru_great_annihilating_truth
D:3:      layout_loops_cross, hangedman_decor_clover_reticule,
          nrook_mini_backslash
D:4:      layout_basic
D:5:      layout_loops_ring, lemuel_doored_altar, marbit_many_paths,
          lemuel_blue_sif_altar, grunt_gozag_breadcrumbs,
          lemuel_zombie_altar_yredelemnul, makhleb_altar_promises_db
D:6:      layout_layer_cave, minmay_temple_entry_ruins, grunt_decor_clamped,
          kennysheep_donut, minmay_microvault
D:7:      layout_layer_cave
D:8:      layout_basic, nicolae_overflow_hidden_temple, fedhas_altar_2,
          kennysheep_mini_moat, serial_shops, nicolae_shop_overgrown_old_shop
D:9:      minmay_separated_statues, layout_stronghold, xom_butterflies,
          erik_lair_orcish_takeover, lemuel_mausoleum_altar_yredelemnul
Orc:1:    layout_caves
Orc:2:    st_orc_congregation, layout_diamond_mine, guppyfry_orc_lava_fort,
          uniq_snorg
Elf:1:    eino_elf_arrival_customs, layout_gridlike, gammafunk_ghost_grave,
          kennysheep_underground_church, drop_trap

Skill      XL: |  1  2  3  4  5  6  7  8  9 10 11 12 13 |
---------------+----------------------------------------+-----
Dodging        | 3 4 5 7 8 9 10 11 | 11.6
Fighting       | 4 5 6 7 8 9 |  9.3
Short Blades   | 4 5 6 7 8 9 10 11 | 11.5
Stealth        | 1 3 4 5 |  5.4
Shields        | 3 6 8 11 12 14 | 14.1

Action                   |  1- 3 |  4- 6 |  7- 9 | 10-12 | 13-15 || total
-------------------------+-------+-------+-------+-------+-------++-------
Melee: Short sword       |   114 |   160 |   477 |   618 |       ||  1369
       Tailslap          |    13 |    29 |    74 |   156 |    43 ||   315
       Headbutt          |       |       |    26 |   237 |    60 ||   323
       Dagger            |       |       |       |   145 |       ||   145
       Quick blade       |       |       |       |   226 |   290 ||   516
Invok: Berserk           |     3 |     2 |    11 |    33 |     9 ||    58
       Trog's Hand       |       |       |     2 |     3 |     2 ||     7
       Brothers in Arms  |       |       |       |       |     1 ||     1
  Use: Potion            |     2 |     2 |     6 |     3 |       ||    13
       Scroll            |     2 |     8 |     4 |     4 |       ||    18
 Stab: Sleeping          |       |     1 |     3 |     3 |     1 ||     8
Armor: Skin              |    26 |    28 |   189 |   114 |    32 ||   389
Dodge: Dodged            |    94 |    83 |   156 |   270 |    45 ||   648
Block: Tower shield      |       |     7 |   393 |   774 |   161 ||  1335

Table legend: (Time is in decaauts)
 A = Elapsed time spent in this place.
 B = Non-inter-level travel time spent in this place.
 C = Inter-level travel time spent in this place.
 D = Time resting spent in this place.
 E = Time spent auto-exploring this place.
 F = Levels seen in this place.
 G = Mean time per level.
                   A        B        C        D        E       F      G
               +--------+--------+--------+--------+--------+-----+--------+
         Total |  19616 |  19483 |    133 |   9039 |   2510 |  12 | 1634.7 |
       Dungeon |  12285 |  12152 |    133 |   4419 |   2510 |   9 | 1365.0 |
  Orcish Mines |   5995 |   5995 |      0 |   3792 |      0 |   2 | 2997.5 |
   Elven Halls |   1335 |   1335 |      0 |    827 |      0 |   1 | 1335.0 |
               +--------+--------+--------+--------+--------+-----+--------+

Top non-repeatable levels by time:
   Orc:1: 3474 daAuts
   Orc:2: 2521 daAuts
     D:7: 1941 daAuts
     D:5: 1801 daAuts
     D:8: 1630 daAuts
     D:4: 1517 daAuts
     D:9: 1413 daAuts
     D:6: 1379 daAuts
   Elf:1: 1335 daAuts
     D:2: 1110 daAuts
     D:1: 892 daAuts
     D:3: 599 daAuts
